 Dungeon Crawl Stone Soup version 0.23.2-1-ga50397a6bc (webtiles) character file.

Game seed: 2089456478995887841

67 Gumption the Firebug (level 3, -2/28 HPs)
             Began as a Draconian Fire Elementalist on May 27, 2019.
             Slain by an orc
             ... wielding a +1 hand axe of electrocution
              (8 damage)
             ... on level 3 of the Dungeon.
             The game lasted 00:14:39 (2152 turns).

Gumption the Firebug (Draconian Fire Elementalist)  Turns: 2152, Time: 00:14:39

Health: -2/28      AC:  5    Str: 10    XL:     3   Next: 98%
Magic:  4/6        EV: 12    Int: 16    God:
Gold:   61         SH:  0    Dex: 11    Spells: 2/6 levels left

rFire    . . .     SeeInvis .   a - +0 dagger
rCold    . . .     Gourm    .   (no shield)
rNeg     . . .     Faith    .   (armour unavailable)
rPois    .         Spirit   .   (helmet restricted)
rElec    .         Reflect  .   (no cloak)
rCorr    .         Harm     .   (no gloves)
MR       .....                  (no boots)
Stlth    ++........             (no amulet)
HPRegen  0.09/turn              (no ring)
MPRegen  0.10/turn              (no ring)

@: flying
A: unfitting armour, cold-blooded, AC +5
a: no special abilities


You were on level 3 of the Dungeon.
You were hungry.

You visited 1 branch of the dungeon, and saw 4 of its levels.

You collected 61 gold pieces.

Inventory:

Hand Weapons
 a - a +0 dagger (weapon)
Missiles
 c - 98 stones (quivered)
Jewellery
 j - an uncursed ring of positive energy {unknown}
Scrolls
 f - 2 scrolls of blinking {unknown}
 k - 6 scrolls of identify {unknown}
 l - a scroll of enchant armour {unknown}
Potions
 b - a potion of lignification {unknown}
 d - a potion of flight
 g - a potion of degeneration {unknown}
 h - a potion of heal wounds {unknown}
Comestibles
 e - 6 rations
 i - 5 chunks of flesh


   Skills:
 + Level 1.2 Fighting
 - Level 1.7 Dodging
 - Level 1.7 Stealth
 + Level 2.4 Spellcasting
 * Level 2.3 Conjurations
 * Level 3.6 Fire Magic


You had 2 spell levels left.
You knew the following spells:

 Your Spells              Type           Power        Failure   Level  Hunger
a - Flame Tongue          Conj/Fire      ##...        6%          1    #......
c - Conjure Flame         Conj/Fire      ##......     17%         3    ###....

Your spell library contained the following spells:

 Spells                   Type           Power        Failure   Level  Hunger
 Throw Flame              Conj/Fire      ##....       9%          2    ###....
 Inner Flame              Hex/Fire       #.......     28%         3    ###....
 Sticky Flame             Conj/Fire      ##......     50%         4    #####..
 Fireball                 Conj/Fire      ##........   85%         5    ######.


Dungeon Overview and Level Annotations

Branches:
Dungeon (4/15)
 Temple: D:4-7

Altars:
Wu Jian


Innate Abilities, Weirdness & Mutations

Your plain brown scales are hard. (AC +5)
You cannot fit into any form of body armour.
You are cold-blooded and may be slowed by cold attacks.


Message History

Press: ? - help, Shift-Dir - straight line, f - orc
Aim: an orc, wielding a +1 hand axe of electrocution and wearing a +0 chain mail The flame tongue hits the orc but does no damage.
Casting: Flame Tongue (safe; 6% risk of failure)
Confirm with . or Enter, or press ? or * to list all spells.
Aiming: Flame Tongue (safe; 6% risk of failure)
Press: ? - help, Shift-Dir - straight line, f/p - orc
Aim: an orc, wielding a +1 hand axe of electrocution and wearing a +0 chain mail The flame tongue misses the orc.
The flame tongue hits the orc but does no damage.
The orc hits you with a +1 hand axe of electrocution.
You are electrocuted!!
Ouch! That really hurt!
* * * LOW HITPOINT WARNING * * *
You aren't carrying any items that you can evoke.
It was a potion of flight.
You feel very buoyant.
You fly up into the air.
The orc hits you with a +1 hand axe of electrocution!
You die...

#.####
......###
#.....# #.#
#$# # #.# #.#
#.#.#.#o#
#.#.#.#o#
#.... #o#
###.#.#.###@#
.......)>...#
###.....#####
#######


You could see 3 orcs.

Vanquished Creatures
  2 adders (D:2)
  An ooze (D:2)
  An adder skeleton (D:4)
  A worm (D:2)
  A dart slug (D:1)
  2 leopard geckos
  An orc (D:4)
  A ball python (D:1)
  3 bats (D:1)
  A giant cockroach (D:1)
  3 goblins
  5 hobgoblins
  A jackal (D:1)
  2 quokkas
  4 frilled lizards
  A kobold (D:1)
  4 rats
34 creatures vanquished.

Notes
Turn   | Place    | Note
-------+----------+-------------------------------------------
     0 | D:1      | Gumption the Draconian Fire Elementalist began the quest
                  | for the Orb.
     0 | D:1      | Reached XP level 1. HP: 14/14 MP: 3/3
   441 | D:1      | Reached XP level 2. HP: 19/22 MP: 0/5
  1385 | D:2      | Found an ornate altar of the Wu Jian Council.
  1406 | D:2      | Reached skill level 1 in Fighting
  1406 | D:2      | Reached XP level 3. HP: 28/28 MP: 1/6
  1456 | D:2      | Learned a level 3 spell: Conjure Flame
  1904 | D:2      | You fall through a shaft for 2 floors!
  2152 | D:3      | Slain by an orc

Skill      XL: |  1  2  3 |
---------------+----------+-----
Fighting       | 1 |  1.2
Conjurations   | 2 |  2.3
Dodging        | |  1.7
Stealth        | |  1.7
Spellcasting   | |  2.4
Fire Magic     | |  3.6

Action                   || total
-------------------------++-------
Melee: Unarmed           ||     3
       Tailslap          ||     2
       Dagger            ||    19
Throw: Stone             ||    25
 Cast: Flame Tongue      ||    58
  Use: Potion            ||     1
 Stab: Sleeping          ||     1
  Eat: Chunk             ||     4
Armor: Skin              ||    23
Dodge: Dodged            ||    41
